PCL
CALGARY COWBOYS @ HOUSTON HAMMERTIME
09/15/2023
 
TOP OF THE 1ST
Calgary Cowboys batting - Pitching for Houston Hammertime : LHP Martín Reyes
Pitching: LHP Martín Reyes
Batting: RHB Clark Hodge 0-0: Ground out 4-3 (Groundball, 4)
Batting: RHB Steven Jennings 0-0: Fly out, F9 (Flyball, 89M)
Batting: RHB Dan Wyatt 0-0: Ground out U3 (Groundball, 3)
Top of the 1st over - 0 run(s), 0 hit(s), 0 error(s), 0 left on base; Calgary 0 - Houston 0
BOTTOM OF THE 1ST
Houston Hammertime batting - Pitching for Calgary Cowboys : RHP Bert Killick
Pitching: RHP Bert Killick
Batting: RHB John Pick 0-0: Ball
1-0: Foul Ball, location: 2F
1-1: Ball
2-1: Foul Ball, location: 2F
2-2: Foul Ball, location: 2F
2-2: Ground out U3 (Groundball, 3S)
Batting: LHB José Villegas 0-0: Ball
1-0: Ball
2-0: Fly out, F9 (Line Drive, 9LM)
Batting: LHB Jerry Ritchie 0-0: Ball
1-0: Called Strike
1-1: Swinging Strike
1-2: Strikes out swinging
Bottom of the 1st over - 0 run(s), 0 hit(s), 0 error(s), 0 left on base; Calgary 0 - Houston 0
TOP OF THE 2ND
Calgary Cowboys batting - Pitching for Houston Hammertime : LHP Martín Reyes
Batting: RHB Cristián Peña 0-0: Called Strike
0-1: Swinging Strike
0-2: SOLO HOME RUN (Flyball, 7LD), Distance : 357 ft
Batting: LHB Al Ryan 0-0: Ball
1-0: Ball
2-0: Fly out, F4 (Line Drive, 4MD)
Batting: RHB Derek Carr 0-0: Called Strike
0-1: Swinging Strike
0-2: Foul Ball, location: 2F
0-2: Strikes out looking
Batting: LHB Donald Schultz 0-0: Called Strike
0-1: Ball
1-1: Foul Ball, location: 2F
1-2: Ground out 4-3 (Groundball, 4)
Top of the 2nd over - 1 run(s), 1 hit(s), 0 error(s), 0 left on base; Calgary 1 - Houston 0
BOTTOM OF THE 2ND
Houston Hammertime batting - Pitching for Calgary Cowboys : RHP Bert Killick
Batting: SHB Cristo Ontiveros 0-0: Ball
1-0: Swinging Strike
1-1: Ground out U3 (Groundball, 3)
Batting: RHB Mario Beltrán 0-0: Swinging Strike
0-1: Foul Ball, location: 2F
0-2: Strikes out looking
Batting: LHB Fernando Camacho 0-0: Foul Ball, location: 2F
0-1: Ball
1-1: Ball
2-1: Swinging Strike
2-2: Foul Ball, location: 2F
2-2: Ball
3-2: Base on Balls
Batting: RHB Santo Cruz 0-0: Called Strike
0-1: Ball
1-1: Ball
2-1: Ball
3-1: Foul Ball, location: 2F
3-2: SINGLE (Groundball, 6MD)
Fernando Camacho to second
Fernando Camacho to third
Batting: LHB Felipe Cruz 0-0: Called Strike
0-1: Ball
1-1: SINGLE (Line Drive, 8RS)
Fernando Camacho scores
Santo Cruz to second
Batting: RHB Luis Barzaga 0-0: Ball
1-0: Ball
2-0: Swinging Strike
2-1: Called Strike
2-2: SINGLE (Groundball, 4MD)
Santo Cruz to third
Felipe Cruz to second
Runner from 3rd tries for Home, SAFE, throw made at trailing runner, SAFE at third!
Batting: RHB John Pick 0-0: Ball
1-0: Ball
2-0: Ball
3-0: Base on Balls
Luis Barzaga to second
Batting: LHB José Villegas 0-0: Swinging Strike
0-1: Ball
1-1: Ball
2-1: Ball
3-1: Foul Ball, location: 2F
3-2: Foul Ball, location: 2F
3-2: Strikes out swinging
Bottom of the 2nd over - 2 run(s), 3 hit(s), 0 error(s), 3 left on base; Calgary 1 - Houston 2
TOP OF THE 3RD
Calgary Cowboys batting - Pitching for Houston Hammertime : LHP Martín Reyes
Batting: RHB Jorge Balencia 0-0: Called Strike
0-1: Fly out, F9 (Flyball, 89D)
Batting: RHB Tom Yarbrough 0-0: Ball
1-0: Ball
2-0: Called Strike
2-1: Called Strike
2-2: Strikes out swinging
Batting: RHB Clark Hodge 0-0: Ball
1-0: Swinging Strike
1-1: Foul Ball, location: 2F
1-2: Ball
2-2: Foul Ball, location: 2F
2-2: Strikes out swinging
Top of the 3rd over - 0 run(s), 0 hit(s), 0 error(s), 0 left on base; Calgary 1 - Houston 2
BOTTOM OF THE 3RD
Houston Hammertime batting - Pitching for Calgary Cowboys : RHP Bert Killick
Batting: LHB Jerry Ritchie 0-0: Fly out, F9 (Flyball, 89S)
Batting: SHB Cristo Ontiveros 0-0: Ball
1-0: Foul Ball, location: 2F
1-1: Ball
2-1: Ball
3-1: Base on Balls
Batting: RHB Mario Beltrán 0-0: Ball
1-0: Fly out, F7 (Flyball, 7D)
Batting: LHB Fernando Camacho 0-0: Ball
1-0: Foul Ball, location: 2F
1-1: Ball
2-1: Swinging Strike
2-2: Ball
3-2: Fly out, F6 (Popup, 7LSF)
Bottom of the 3rd over - 0 run(s), 0 hit(s), 0 error(s), 1 left on base; Calgary 1 - Houston 2
TOP OF THE 4TH
Calgary Cowboys batting - Pitching for Houston Hammertime : LHP Martín Reyes
Batting: RHB Steven Jennings 0-0: Ground out 1-3 (Groundball, 15)
Batting: RHB Dan Wyatt 0-0: Ball
1-0: Foul Ball, location: 2F
1-1: Fly out, F8 (Flyball, 78D)
Batting: RHB Cristián Peña 0-0: Called Strike
0-1: Ball
1-1: Ball
2-1: DOUBLE (Flyball, 8RD)
Batting: LHB Al Ryan 0-0: Ground out U3 (Groundball, 3L)
Top of the 4th over - 0 run(s), 1 hit(s), 0 error(s), 1 left on base; Calgary 1 - Houston 2
BOTTOM OF THE 4TH
Houston Hammertime batting - Pitching for Calgary Cowboys : RHP Bert Killick
Batting: RHB Santo Cruz 0-0: Ball
1-0: Fly out, F8 (Flyball, 8LM)
Batting: LHB Felipe Cruz 0-0: Foul Ball, location: 2F
0-1: Foul Ball, location: 2F
0-2: Ball
1-2: Ball
2-2: Strikes out swinging
Batting: RHB Luis Barzaga 0-0: Called Strike
0-1: Fly out, F9 (Flyball, 89S)
Bottom of the 4th over - 0 run(s), 0 hit(s), 0 error(s), 0 left on base; Calgary 1 - Houston 2
TOP OF THE 5TH
Calgary Cowboys batting - Pitching for Houston Hammertime : LHP Martín Reyes
Batting: RHB Derek Carr 0-0: Ball
1-0: Ball
2-0: Called Strike
2-1: SINGLE (Line Drive, 6MD)
Batting: LHB Donald Schultz 0-0: Called Strike
0-1: Ball
1-1: Ball
2-1: Fielders Choice at 2nd, 3-6 (Groundball, 3)
Batting: RHB Jorge Balencia 0-0: Called Strike
0-1: Called Strike
0-2: Ball
1-2: Foul Ball, location: 2F
1-2: Foul Ball, location: 2F
1-2: Foul Ball, location: 2F
1-2: Foul Ball, location: 2F
1-2: Ball
2-2: Strikes out swinging
Batting: RHB Tom Yarbrough 0-0: Ground out 5-3 (Groundball, 56)
Top of the 5th over - 0 run(s), 1 hit(s), 0 error(s), 1 left on base; Calgary 1 - Houston 2
BOTTOM OF THE 5TH
Houston Hammertime batting - Pitching for Calgary Cowboys : RHP Bert Killick
Batting: RHB John Pick 0-0: Ball
1-0: Called Strike
1-1: Fly out, F9 (Flyball, 89S)
Batting: LHB José Villegas 0-0: Swinging Strike
0-1: Ball
1-1: Ball
2-1: Ball
3-1: Foul Ball, location: 2F
3-2: Base on Balls
Batting: LHB Jerry Ritchie 0-0: Ball
1-0: Fly out, F6 (Popup, 56)
Batting: SHB Cristo Ontiveros 0-0: Ball
1-0: Ball
2-0: Ball
3-0: Base on Balls
José Villegas to second
Batting: RHB Mario Beltrán 0-0: Ball
1-0: Called Strike
1-1: Foul Ball, location: 2F
1-2: Ball
2-2: Fly out, F9 (Flyball, 9M)
Bottom of the 5th over - 0 run(s), 0 hit(s), 0 error(s), 2 left on base; Calgary 1 - Houston 2
TOP OF THE 6TH
Calgary Cowboys batting - Pitching for Houston Hammertime : LHP Martín Reyes
Batting: RHB Clark Hodge 0-0: Called Strike
0-1: Called Strike
0-2: Ball
1-2: Ball
2-2: Foul Ball, location: 2F
2-2: Strikes out swinging
Batting: RHB Steven Jennings 0-0: Foul Ball, location: 2F
0-1: Ball
1-1: Fly out, F8 (Flyball, 8LXD)
Batting: RHB Dan Wyatt 0-0: Called Strike
0-1: Ball
1-1: Called Strike
1-2: Strikes out looking
Top of the 6th over - 0 run(s), 0 hit(s), 0 error(s), 0 left on base; Calgary 1 - Houston 2
BOTTOM OF THE 6TH
Houston Hammertime batting - Pitching for Calgary Cowboys : RHP Bert Killick
Pitching: LHP Mario Rosário
Batting: LHB Fernando Camacho 0-0: Foul Ball, location: 2F
0-1: Foul Ball, location: 2F
0-2: Ground out U3 (Groundball, 3S)
Batting: RHB Santo Cruz 0-0: Ball
1-0: Swinging Strike
1-1: Ground out 5-3 (Groundball, 56)
Batting: LHB Felipe Cruz 0-0: Foul Ball, location: 2F
0-1: Ball
1-1: Ball
2-1: SINGLE (Line Drive, 34)
Batting: RHB Luis Barzaga 0-0: Ball
1-0: SINGLE (Groundball, 6D)
Felipe Cruz to second
Batting: RHB John Pick 0-0: Called Strike
0-1: Foul Ball, location: 2F
0-2: Ball
1-2: Strikes out swinging
Bottom of the 6th over - 0 run(s), 2 hit(s), 0 error(s), 2 left on base; Calgary 1 - Houston 2
TOP OF THE 7TH
Calgary Cowboys batting - Pitching for Houston Hammertime : LHP Martín Reyes
Batting: RHB Cristián Peña 0-0: Swinging Strike
0-1: Called Strike
0-2: SINGLE (Groundball, 56D)
Batting: LHB Al Ryan 0-0: Swinging Strike
0-1: Ball
1-1: Called Strike
1-2: Strikes out swinging
Pinch Hitting: RHB Shayne Burry 0-0: Swinging Strike
0-1: Ball
1-1: Called Strike
1-2: Foul Ball, location: 2F
1-2: Foul Ball, location: 2F
1-2: Fly out, F7 (Line Drive, 78M)
Pinch Hitting: RHB Ramón Martínez 0-0: Called Strike
0-1: Swinging Strike
0-2: Strikes out looking
Top of the 7th over - 0 run(s), 1 hit(s), 0 error(s), 1 left on base; Calgary 1 - Houston 2
BOTTOM OF THE 7TH
Houston Hammertime batting - Pitching for Calgary Cowboys : LHP Mario Rosário
Now at 3B: Ramón Martínez
Now in RF: Júlio Soto
Batting: LHB José Villegas 0-0: Swinging Strike
0-1: Foul Ball, location: 2F
0-2: Ball
1-2: Foul Ball, location: 2F
1-2: Ball
2-2: DOUBLE (Line Drive, 9LM)
Batting: LHB Jerry Ritchie 0-0: Foul Ball, location: 2F
0-1: SINGLE (Line Drive, 56D)
José Villegas to third
Runner from 3rd tries for Home, SAFE, no throw or cutoff
Batting: SHB Cristo Ontiveros 0-0: Ball
1-0: Fly out, F2 (Popup, 25F)
Pitching: RHP Richard Boyd
Batting: RHB Mario Beltrán 0-0: Ball
1-0: Ball
2-0: Swinging Strike
2-1: Ball
3-1: Foul Ball, location: 2F
3-2: Base on Balls
Jerry Ritchie to second
Batting: LHB Fernando Camacho 0-0: Ball
1-0: Ball
2-0: Called Strike
2-1: Ball
3-1: SINGLE (Line Drive, 4D)
Jerry Ritchie to third
Mario Beltrán to second
Runner from 3rd tries for Home, SAFE, throw made home
Batting: RHB Santo Cruz 0-0: Ball
1-0: Fly out, F6 (Popup, 6D)
Batting: LHB Felipe Cruz 0-0: Called Strike
0-1: Foul Ball, location: 2F
0-2: Ball
1-2: Fly out, F5 (Popup, 5SF)
Bottom of the 7th over - 2 run(s), 3 hit(s), 0 error(s), 2 left on base; Calgary 1 - Houston 4
TOP OF THE 8TH
Calgary Cowboys batting - Pitching for Houston Hammertime : LHP Martín Reyes
Batting: RHB Jorge Balencia 0-0: Called Strike
0-1: Ball
1-1: Called Strike
1-2: Ball
2-2: Fly out, F8 (Flyball, 8LXD)
Batting: RHB Tom Yarbrough 0-0: Ball
1-0: Ball
2-0: Swinging Strike
2-1: SINGLE (Groundball, 3L)
Batting: RHB Clark Hodge 0-0: Foul Ball, location: 2F
0-1: Ball
1-1: Called Strike
1-2: Strikes out swinging
Batting: RHB Steven Jennings 0-0: Called Strike
0-1: Ground out 5-3 (Groundball, 5S)
Top of the 8th over - 0 run(s), 1 hit(s), 0 error(s), 1 left on base; Calgary 1 - Houston 4
BOTTOM OF THE 8TH
Houston Hammertime batting - Pitching for Calgary Cowboys : RHP Richard Boyd
Batting: RHB Luis Barzaga 0-0: Swinging Strike
0-1: SINGLE (Line Drive, 4D)
Batting: RHB John Pick 0-0: Called Strike
0-1: Fly out, F8 (Flyball, 8LM)
Batting: LHB José Villegas 0-0: Ball
1-0: Ball
2-0: Called Strike
2-1: DOUBLE (Line Drive, 89S)
Luis Barzaga to third
Batting: LHB Jerry Ritchie 0-0: Ball
1-0: Ball
2-0: SINGLE (Line Drive, 34D)
Luis Barzaga scores
José Villegas to third
Batting: SHB Cristo Ontiveros 0-0: Called Strike
0-1: Ball
1-1: Fly out, F9 (Line Drive, 89M)
Throwing error, E9
José Villegas scores
Jerry Ritchie to second
Batting: RHB Mario Beltrán 0-0: Swinging Strike
0-1: 2-RUN HOME RUN (Flyball, 7D), Distance : 364 ft
Batting: LHB Fernando Camacho 0-0: Called Strike
0-1: Called Strike
0-2: Ball
1-2: Ball
2-2: Ball
3-2: Foul Ball, location: 2F
3-2: Foul Ball, location: 2F
3-2: Base on Balls
Pitching: RHP Nick Ruby
Batting: RHB Santo Cruz 0-0: Swinging Strike
0-1: Ground out 4-3 (Groundball, 4)
Bottom of the 8th over - 4 run(s), 4 hit(s), 1 error(s), 1 left on base; Calgary 1 - Houston 8
TOP OF THE 9TH
Calgary Cowboys batting - Pitching for Houston Hammertime : LHP Martín Reyes
Pitching: RHP Juan Rodríguez
Batting: RHB Dan Wyatt 0-0: Ball
1-0: Ball
2-0: Foul Ball, location: 2F
2-1: SINGLE (Groundball, 4MD)
Batting: RHB Cristián Peña 0-0: 2-RUN HOME RUN (Flyball, 7D), Distance : 347 ft
Pitching: RHP Ramiro Rivera
Batting: LHB Al Ryan 0-0: Ground out 4-3 (Groundball, 4)
Batting: RHB Júlio Soto 0-0: Ball
1-0: SINGLE (Groundball, 5L)
Batting: RHB Ramón Martínez 0-0: Ball
1-0: Swinging Strike
1-1: Foul Ball, location: 2F
1-2: Strikes out swinging
Batting: RHB Jorge Balencia 0-0: Ball
1-0: Called Strike
1-1: Ground out 5-3 (Groundball, 5)
Top of the 9th over - 2 run(s), 3 hit(s), 0 error(s), 1 left on base; Calgary 3 - Houston 8
This league is powered by Out of the Park Baseball, the baseball management simulation game for PC, Mac and Linux
Wednesday, December 2nd, 2015 - OOTP Baseball 16.8 Build 38